 Dungeon Crawl Stone Soup version 0.29-a0-1047-g7c58e119a4 (webtiles) character file.

Game seed: 11534054769982790323

1444 ytrimaz the Martial Artist (level 8, -3/54 HPs)
             Began as a Demonspawn Transmuter on Aug 16, 2022.
             Slain by an ogre
             ... wielding a +0 giant club
              (28 damage)
             ... on level 5 of the Dungeon.
             The game lasted 00:05:59 (6887 turns).

ytrimaz the Martial Artist (Demonspawn Transmuter)  Turns: 6887, Time: 00:06:00

Health: -3/54      AC:  6    Str: 11    XL:     8   Next: 46%
Magic:  10/11      EV: 13    Int: 16    God:
Gold:   302        SH:  0    Dex: 14    Spells: 4/11 levels left

rFire   + . .      SeeInvis .     - Unarmed
rCold   + . .      Faith    .   (no shield)
rNeg    . . .      Spirit   .   a - +0 robe
rPois   .          Reflect  .   (no helmet)
rElec   .          Harm     .   (no cloak)
rCorr   .          Rampage  .   (no gloves)
Will    .....                   (no boots)
Stlth   +.........              (no amulet)
HPRegen 0.18/turn               f - ring of protection from cold
MPRegen 0.12/turn               (no ring)

@: very slightly contaminated
A: molten scales 3, ignite blood 1, spiny 1, weakness stinger 1
a: no special abilities


You were on level 5 of the Dungeon.
You visited 1 branch of the dungeon, and saw 5 of its levels.
You also visited: Ossuary.

You collected 302 gold pieces.

Inventory:

Armour
 a - a +0 robe (worn)
Jewellery
 f - a ring of protection from cold (left hand)
Wands
 d - a wand of polymorph (7)
Scrolls
 b - a scroll of teleportation
 g - a scroll of butterflies
 i - 2 scrolls of noise {unknown}
 k - 3 scrolls of blinking
 l - a scroll of enchant weapon
 m - a scroll of fear
 n - a scroll of torment {unknown}
 r - a scroll of poison {unknown}
 s - 3 scrolls of identify
 t - a scroll of amnesia {unknown}
 u - a scroll of immolation {unknown}
Potions
 c - 3 potions of heal wounds
 e - 2 potions of magic
 h - a potion of brilliance {unknown}
 j - 5 potions of curing
 o - a potion of might {unknown}
 p - a potion of lignification
 q - 2 potions of berserk rage {unknown}


   Skills:
 - Level 1.0 Fighting
 + Level 4.4 Dodging
 + Level 9.1 Unarmed Combat
 - Level 2.0 Spellcasting
 - Level 1.7 Transmutations


You had 4 spell levels left.
You knew the following spells:

 Your Spells              Type           Power      Damage    Failure   Level
a - Beastly Appendage     Tmut           14%        N/A       10%         1
b - Wereblood             Tmut           7%         N/A       16%         2
c - Ice Form              Ice/Tmut       4%         N/A       82%         4

Your spell library contained the following spells:

 Spells                   Type           Power      Damage    Failure   Level
 Shock                    Conj/Air       4%         1d3       21%         1
 Poisonous Vapours        Pois/Air       2%         N/A       30%         2
 Spider Form              Tmut/Pois      4%         N/A       41%         3
 Dazzling Flash           Conj/Hex       2%         N/A       52%         3
 Corpse Rot               Necr/Pois/Air  1%         N/A       90%         4
 Agony                    Necr           1%         N/A       99%         5
 Silence                  Hex/Air        0%         N/A       99%         5


Dungeon Overview and Level Annotations

Branches:
Dungeon (5/15)            Ossuary (visited)
 Temple: D:4-7

Altars:
Kikubaaqudgha
Okawaru
Xom

Shops:
D:2 :


Innate Abilities, Weirdness & Mutations

You are completely covered in molten scales. (AC +4, rF+)
Your demonic aura sometimes causes spilled blood to erupt in flames.
You are partially covered in sharp spines.
You have a small tail.


Message History

You punch the ogre!
You kill the ogre!
Your transformation is almost over.
You are too injured to fight recklessly!
Unknown command.
You see here a +0 giant club.
Your horns disappear.
Your talons disappear.
Key pressed, stopping explore.
You now have 302 gold pieces (gained 12).
Found a stone staircase leading up.
A shadow imp comes into view.
The shadow imp shouts!
An ogre comes into view. It is wielding a +0 giant club.
Found a book of the Tundra.
The ogre shouts!
There are monsters nearby!
The shadow imp is struck by your spines.
The shadow imp hits you but does no damage.
You miscast Beastly Appendage.
You are very lightly contaminated with residual magic.
Nothing appears to happen.
The shadow imp hits you.
Unknown command.
You hit the shadow imp but do no damage.
The shadow imp is moderately wounded.
The shadow imp is struck by your spines.
The shadow imp misses you.
You punch the shadow imp!
You kill the shadow imp!
Found a stone staircase leading down.
Unknown command.
You hit the ogre.
The ogre is moderately wounded.
The ogre hits you with a +0 giant club!!
You are too injured to fight recklessly!
You hit the ogre.
The ogre is moderately wounded.
The ogre is engulfed in blazing flames.
The ogre hits you with a +0 giant club!!
Ouch! That really hurt!
You die...

..# .#######.##
..........#
.....<....#
..........##
...........######...
...................#
......○..###.#####.#
......O@.# #...###
.:.......#
###...#..#
>....$...# ###.##.#
## .........#
#.##.##.. ##########
##........
##.....[.##
#..###...#
..#####.####.>###
#.............)..


You could see an ogre.

Vanquished Creatures
  Grinder (D:3)
  Duvessa (D:4)
  An ice beast (D:5)
  2 ogres
  A centaur (D:5)
  A phantom (D:4)
  A necrophage (D:4)
  2 scorpions (D:5)
  Dowan (D:4)
  2 centaur zombies (Ossuary)
  2 jellies
  2 orc wizards (D:4)
  3 ogre zombies (Ossuary)
  7 mummies (Ossuary)
  3 gnolls (D:3)
  4 adders
  A shadow imp (D:5)
  An ufetubus (D:5)
  2 adder zombies (Ossuary)
  3 worms
  A dart slug (D:4)
  7 orcs
  4 bats
  9 endoplasms
  A giant cockroach (D:1)
  A gnoll zombie (Ossuary)
  9 goblins
  4 hobgoblins
  3 jackals (D:4)
  3 kobolds
  A quokka (D:1)
  6 ball pythons
  4 frilled lizards
  5 goblin zombies (Ossuary)
  3 hobgoblin zombies (Ossuary)
  2 kobold zombies (Ossuary)
  5 quokka zombies (Ossuary)
  5 rats
  4 rat zombies (Ossuary)
118 creatures vanquished.

Vanquished Creatures (others)
  2 fungi (D:2)
  2 plants (D:2)
4 creatures vanquished.

Grand Total: 122 creatures vanquished

Notes
Turn   | Place    | Note
-------+----------+-------------------------------------------
     0 | D:1      | ytrimaz the Demonspawn Transmuter began the quest for the
                  | Orb.
     0 | D:1      | Reached XP level 1. HP: 15/15 MP: 3/3
   226 | D:1      | Reached skill level 3 in Unarmed Combat
   497 | D:1      | Gained mutation: Your demonic aura sometimes causes spilled
                  | blood to erupt in flames. [demonic ancestry]
   497 | D:1      | Reached XP level 2. HP: 9/21 MP: 3/5
  1786 | D:2      | Found Waoweher's Book Boutique.
  1869 | D:2      | Found a shimmering altar of Xom.
  2083 | D:2      | Gained mutation: You have a small tail. [demonic ancestry]
  2083 | D:2      | Reached XP level 3. HP: 24/26 MP: 4/6
  2500 | D:2      | Found a faded altar of an unknown god.
  2506 | D:2      | Got Plato's Vellum of Feathers
  2880 | D:2      | Reached skill level 4 in Unarmed Combat
  3291 | D:3      | Noticed Grinder
  3293 | D:3      | Paralysed by Grinder for 2 turns
  3298 | D:3      | Paralysed by Grinder for 4 turns
  3311 | D:3      | Killed Grinder
  3312 | D:3      | Reached skill level 5 in Unarmed Combat
  3312 | D:3      | Gained mutation: You are partially covered in molten
                  | scales. (AC +2) [demonic ancestry]
  3312 | D:3      | Reached XP level 4. HP: 7/32 MP: 7/7
  3312 | D:3      | Gained mutation: You are mostly covered in molten scales.
                  | (AC +3) [demonic ancestry]
  3312 | D:3      | Reached XP level 5. HP: 8/37 MP: 8/8
  3833 | D:3      | Found an iron altar of Okawaru.
  3907 | D:3      | Reached skill level 6 in Unarmed Combat
  3907 | D:3      | Gained mutation: You are completely covered in molten
                  | scales. (AC +4, rF+) [demonic ancestry]
  3907 | D:3      | Reached XP level 6. HP: 29/43 MP: 9/9
  3918 | D:3      | Learned a level 2 spell: Wereblood
  3923 | D:3      | Learned a level 4 spell: Ice Form
  4431 | D:4      | Noticed Duvessa
  4431 | D:4      | Noticed Dowan
  4442 | D:4      | Killed Duvessa
  4450 | D:4      | Killed Dowan
  4619 | D:4      | Gained mutation: You are partially covered in sharp spines.
                  | [demonic ancestry]
  4619 | D:4      | Reached XP level 7. HP: 3/48 MP: 8/10
  4861 | D:4      | Reached skill level 7 in Unarmed Combat
  4867 | D:4      | Found a sand-covered staircase.
  4903 | Ossuary  | Entered an ossuary
  6194 | D:4      | Reached skill level 8 in Unarmed Combat
  6207 | D:4      | Reached XP level 8. HP: 30/54 MP: 9/11
  6382 | D:4      | Found an ancient bone altar of Kikubaaqudgha.
  6489 | D:5      | Entered Level 5 of the Dungeon
  6633 | D:5      | Reached skill level 9 in Unarmed Combat
  6887 | D:5      | Slain by an ogre

Illustrated notes

Levels and vault maps discovered:
D:1:      tarquinn_simple_flora_water_a, layout_basic
D:2:      layout_basic, serial_shops, nicolae_shop_waterfront, serial_aquarium,
          aquarium_bridge_square [aquarium_subvault_wall,
          aquarium_subvault_bridge, aquarium_subvault_window,
          aquarium_subvault_bridge], aquarium_window_2, aquarium_window_1,
          aquarium_window_1, aquarium_window_fake, aquarium_view_2d,
          aquarium_pool_double, shapermc_ecumenical_altar_rom_forum, basic_altar
D:3:      layout_rooms, mainiacjoe_overflow_alcove_1, grunt_ministairs_8,
          uniq_grinder
D:4:      layout_rooms, mainiacjoe_overflow_six_doors_small, enter_ossuary_3,
          minivault_4, uniq_duvessa
D:5:      layout_rooms, grunt_qazlal_clouds, minmay_misc_feat_ornament,
          kennysheep_generic_room_4

Skill      XL: |  1  2  3  4  5  6  7  8 |
---------------+-------------------------+-----
Unarmed Combat | 3 5 6 8 9 |  9.1
Dodging        | 2 3 4 |  4.4
Fighting       | |  1.0
Spellcasting   | |  2.0
Transmutations | |  1.7

Action                   |  1- 3 |  4- 6 |  7- 9 || total
-------------------------+-------+-------+-------++-------
Melee: Unarmed           |    93 |    44 |   165 ||   302
       Kick              |    13 |    18 |    28 ||    59
       Headbutt          |     9 |    10 |    21 ||    40
       Punch             |     1 |     1 |    10 ||    12
       Tailslap          |     2 |     6 |    29 ||    37
 Cast: Beastly Appendage |    32 |     9 |    23 ||    64
       Wereblood         |       |       |     4 ||     4
  Use: Scroll            |     4 |     2 |     2 ||     8
       Potion            |     2 |     3 |       ||     5
Armor: Robe              |    20 |    10 |    35 ||    65
       Skin              |     7 |       |       ||     7
Dodge: Dodged            |    54 |    36 |    73 ||   163

Table legend: (Time is in decaauts)
 A = Elapsed time spent in this place.
 B = Non-inter-level travel time spent in this place.
 C = Inter-level travel time spent in this place.
 D = Time resting spent in this place.
 E = Time spent auto-exploring this place.
 F = Levels seen in this place.
 G = Mean time per level.
                   A        B        C        D        E       F      G
               +--------+--------+--------+--------+--------+-----+--------+
         Total |   6851 |   6700 |    151 |    481 |   5298 |   6 | 1141.8 |
       Dungeon |   5919 |   5768 |    151 |    481 |   4595 |   5 | 1183.8 |
       Ossuary |    932 |    932 |      0 |      0 |    703 |   1 |  932.0 |
               +--------+--------+--------+--------+--------+-----+--------+

Top non-repeatable levels by time:
     D:1: 1771 daAuts
     D:2: 1492 daAuts
     D:3: 1158 daAuts
     D:4: 1103 daAuts
 Ossuary: 932 daAuts
     D:5: 393 daAuts
